 Dungeon Crawl Stone Soup version 0.22.0-27-ga576289 (webtiles) character file.

1295 Lew the Skirmisher (level 8, 0/48 HPs)
             Began as a Gargoyle Abyssal Knight on Aug 21, 2018.
             Was an Elder of Lugonu.
             Slain by an orc
             ... wielding a +0 trident
              (1 damage)
             ... on level 6 of the Dungeon.
             The game lasted 00:17:42 (6906 turns).

Lew the Skirmisher (Gargoyle Abyssal Knight)        Turns: 6906, Time: 00:17:42

Health: 0/48       AC: 18    Str: 17    XL:     8   Next: 56%
Magic:  11/11      EV:  8    Int: 14    God:    Lugonu [****..]
Gold:   555        SH:  4    Dex: 11    Spells: 7/7 levels left

rFire    . . .     SeeInvis +   x - +0 scimitar
rCold    . . .     Gourm    .   k - +0 buckler
rNeg     + . .     Faith    .   p - +0 chain mail
rPois    ∞         Spirit   .   f - +2 helmet (curse)
rElec    +         Reflect  .   (no cloak)
rCorr    .         Harm     .   (no gloves)
MR       .....                  (no boots)
Stlth    ..........             (no amulet)
HPRegen  0.16/turn              d - ring of see invisible
MPRegen  0.12/turn              b - +2 ring of intelligence

@: no status effects
A: negative energy resistance 1, electricity resistance, unbreathing,
petrification resistance, rot immunity, AC +5
a: Depart the Abyss, Bend Space, Banish, Corrupt, Renounce Religion


You were on level 6 of the Dungeon.
You worshipped Lugonu.
Lugonu was greatly pleased with you.
You were not hungry.

You visited 1 branch of the dungeon, and saw 6 of its levels.
You visited the Abyss 1 time.

You collected 555 gold pieces.

Inventory:

Hand Weapons
 a - a +1 falchion
 q - a +0 great sword
 x - a +0 scimitar (weapon)
Armour
 f - a cursed +2 helmet (worn)
 k - a +0 buckler (worn)
 o - a +0 large shield
 p - a +0 chain mail (worn)
Jewellery
 b - a +2 ring of intelligence (right hand)
 d - a ring of see invisible (left hand)
 t - a cursed ring of poison resistance
Wands
 v - a wand of flame (40)
Scrolls
 g - 2 scrolls of magic mapping
 i - 3 scrolls of enchant armour
 m - a scroll of teleportation
 r - a scroll of identify
 u - a scroll of amnesia
 w - a scroll of blinking {unknown}
Potions
 e - a potion of agility
 h - 6 potions of curing
 j - 3 potions of flight
 l - a potion of magic
 n - a potion of degeneration
 s - 3 potions of ambrosia
Comestibles
 c - 8 rations


   Skills:
 + Level 4.9 Fighting
 * Level 4.5 Long Blades
 + Level 4.0 Armour
 * Level 3.8 Dodging
 + Level 3.6 Stealth
 - Level 4.0 Shields
 + Level 4.0 Invocations


You had 7 spell levels left.
You didn't know any spells.
Your spell library was empty.

Dungeon Overview and Level Annotations

Branches:
Dungeon (6/15)             Temple (0/1) D:5

Altars:
Dithmenos
Elyvilon
Gozag
Okawaru
Sif Muna

Shops:
D:4 (


Innate Abilities, Weirdness & Mutations

You are resistant to torment.
Your stone body is resilient. (AC +5)
You are immune to poison.
You resist negative energy. (rN+)
You are resistant to electric shocks. (rElec)
You can survive without breathing.
You are immune to petrification.
You are immune to rotting.


Message History

You are too injured to fight recklessly!
You are too injured to fight recklessly!
Your chain mail prevents you from hitting the orc warrior.
The orc hits you from afar with a trident.
You block the orc warrior's attack. The orc hits you but does no damage.
You hit the orc warrior but do no damage.
You block the orc warrior's attack. The orc barely misses you.
You hit the orc warrior.
The orc warrior is lightly wounded.
The orc warrior barely misses you.
The orc hits you from afar with a trident.
You hit the orc warrior but do no damage.
The orc warrior is lightly wounded.
The orc warrior hits you with a glaive of pain!
* * * LOW HITPOINT WARNING * * *
The orc barely misses you.
Your chain mail prevents you from hitting the orc warrior.
You block the orc warrior's attack.
The orc hits you from afar with a trident.
You die...

#.....# #.# #..#..#
#.# #..(..## . #.#
##[.....# .. #.#
###.......##...
#.####...#.........
##.##...###<....###
#.†##.### #.....#
#.<##.# #..@..#
#..#..# #..o..#
#....## #..o..#
#...## ####.##
#....# .# #...## .#
#...# .. #...## ..
####


You could see an orc warrior and an orc.

Vanquished Creatures
  Menkaure (D:3)
  An ice beast (D:5)
  The ghost of TAS2012 the Chopper, an amateur GnCK of Xom (D:3)
  A phantom (D:4)
  3 big kobolds (D:4)
  A water moccasin skeleton (D:5)
  A scorpion (D:5)
  3 hounds
  An orc priest (D:6)
  An orc wizard (D:3)
  An iguana (D:5)
  3 worker ants
  7 adders
  8 gnolls
  A shadow imp (D:5)
  2 worms
  3 dart slugs
  3 leopard geckos
  17 orcs
  4 ball pythons
  2 giant cockroaches
  31 goblins
  29 hobgoblins
  12 jackals
  3 quokkas
  10 bats
  10 frilled lizards
  12 kobolds
  A quokka skeleton (D:4)
  8 rats
181 creatures vanquished.

Vanquished Creatures (others)
  A quokka (D:4)
  A demonic plant (Abyss:2)
  6 starspawn tentacles (Abyss:2)
8 creatures vanquished.

Grand Total: 189 creatures vanquished

Notes
Turn   | Place    | Note
-------+----------+-------------------------------------------
     0 | Abyss:1  | Lew the Gargoyle Abyssal Knight began the quest for the Orb.
     0 | Abyss:1  | Reached XP level 1. HP: 14/14 MP: 2/2
    52 | Abyss:1  | Noticed a golden eye
   104 | Abyss:2  | Noticed a shadow dragon zombie
   110 | Abyss:2  | Noticed a tentacled starspawn
   171 | Abyss:2  | Noticed a fire bat
   171 | Abyss:2  | Noticed a fire bat
   171 | Abyss:2  | Noticed a fire bat
   172 | D:1      | Escaped the Abyss
   586 | D:1      | Reached * piety under Lugonu
   586 | D:1      | Reached skill level 1 in Dodging
   588 | D:1      | Reached XP level 2. HP: 17/19 MP: 3/3
   721 | D:1      | Reached XP level 3. HP: 19/23 MP: 4/4
  1320 | D:1      | Reached skill level 1 in Stealth
  1658 | D:2      | Reached ** piety under Lugonu
  1759 | D:2      | Reached XP level 4. HP: 28/28 MP: 5/5
  1919 | D:2      | Reached skill level 1 in Shields
  2485 | D:3      | Found a runed gate.
  2487 | D:3      | Found a runed gate.
  2487 | D:3      | Found an opulent altar of Gozag.
  2487 | D:3      | Found a runed gate.
  2488 | D:3      | Noticed TAS2012's ghost (amateur GnCK)
  2516 | D:3      | Found a deep blue altar of Sif Muna.
  2785 | D:3      | Reached XP level 5. HP: 28/33 MP: 6/6
  3171 | D:3      | Killed TAS2012's ghost
  3171 | D:3      | Reached XP level 6. HP: 38/38 MP: 6/8
  3313 | D:4      | Found a shadowy altar of Dithmenos.
  3426 | D:4      | Found a white marble altar of Elyvilon.
  3448 | D:4      | Reached *** piety under Lugonu
  3612 | D:4      | Noticed a phantom
  3882 | D:4      | Killed a phantom
  4154 | D:4      | Reached XP level 7. HP: 32/43 MP: 9/9
  4179 | D:4      | Found Fucacok's Antique Weapon Emporium.
  4321 | D:4      | Noticed Menkaure
  4412 | D:3      | Killed Menkaure
  5173 | D:4      | Reached XP level 8. HP: 39/48 MP: 10/10
  5424 | D:4      | Reached **** piety under Lugonu
  5775 | D:5      | Entered Level 5 of the Dungeon
  6210 | D:5      | Found an iron altar of Okawaru.
  6261 | D:5      | Found a staircase to the Ecumenical Temple.
  6905 | D:6      | HP: 1/48 [orc warrior/glaive of pain (17)]
  6906 | D:6      | Slain by an orc

Skill      XL: |  1  2  3  4  5  6  7  8 |
---------------+-------------------------+-----
Dodging        | 1 2 3 |  3.8
Long Blades    | 2 3 4 |  4.5
Stealth        | 1 2 3 |  3.6
Shields        | 1 2 3 4 |  4.0
Fighting       | 4 |  4.9
Armour         | 3 4 |  4.0
Invocations    | 3 4 |  4.0

Action                   |  1- 3 |  4- 6 |  7- 9 || total
-------------------------+-------+-------+-------++-------
Melee: Falchion          |   102 |   345 |   395 ||   842
       Scimitar          |       |       |    25 ||    25
Invok: Depart the Abyss  |     1 |       |       ||     1
  Use: Scroll            |       |     8 |     1 ||     9
       Potion            |       |     5 |     1 ||     6
  Eat: Chunk             |     2 |     7 |     5 ||    14
       Ration            |       |     1 |     1 ||     2
Armor: Robe              |    44 |       |       ||    44
       Leather armour    |     4 |       |       ||     4
       Chain mail        |    17 |   306 |   291 ||   614
Dodge: Dodged            |    67 |   147 |   208 ||   422
Block: Buckler           |     4 |    81 |    97 ||   182
       Rpst.: Falchion   |    20 |    48 |    49 ||   117
       Scimitar          |       |       |     2 ||     2
